 Dungeon Crawl Stone Soup version 0.30-a0-4-ga7cffc901d (webtiles) character file.

Game seed: 1642529557297540756

142 Setbun the Cutter (level 5, 0/30 HPs)
             Began as a Kobold Brigand on Aug 20, 2022.
             Slain by a bullfrog (8 damage)
             ... in a sewer.
             The game lasted 00:03:55 (3204 turns).

Setbun the Cutter (Kobold Brigand)                  Turns: 3204, Time: 00:03:56

Health: 0/30       AC:  4    Str:  8    XL:     5   Next: 49%
Magic:  5/5        EV: 14    Int: 12    God:
Gold:   79         SH:  0    Dex: 19    Spells: 4/4 levels left

rFire   . . .      SeeInvis .    a - +2 dagger
rCold   . . .      Faith    .    (no shield)
rNeg    . . .      Spirit   .    b - +0 robe
rPois   .          Reflect  .    (no helmet)
rElec   .          Harm     .    c - +1 cloak
rCorr   .          Rampage  .    (no gloves)
Will    .....                    (no boots)
Stlth   ++........               (no amulet)
HPRegen 0.10/turn                (no ring)
MPRegen 0.09/turn                (no ring)

@: lethally poisoned (0 -> -7), very slow
A: small, no large weapons, nightstalker 3
a: no special abilities


You were in a sewer.
You visited 1 branch of the dungeon, and saw 3 of its levels.
You also visited: Sewer.

You collected 79 gold pieces.

Inventory:

Hand Weapons
 a - a +2 dagger (weapon)
Missiles
 d - 9 poisoned darts (quivered)
 e - 3 curare-tipped darts
 r - a throwing net
Armour
 b - a +0 robe (worn)
 c - a +1 cloak (worn)
Jewellery
 l - a ring of protection from cold
 t - a ring of flight
Wands
 y - a wand of acid (10)
Scrolls
 j - a scroll of vulnerability
 A - a scroll of identify {unknown}
 B - a scroll of butterflies {unknown}
Potions
 h - a potion of curing
 i - a potion of ambrosia {unknown}
 m - a potion of heal wounds {unknown}
 o - a potion of berserk rage {unknown}
 s - a potion of degeneration {unknown}
 u - a potion of mutation {unknown}
 w - a potion of lignification {unknown}
 x - a potion of flight {unknown}
 z - a potion of invisibility {unknown}


   Skills:
 - Level 2.1 Fighting
 + Level 7.0 Short Blades
 - Level 2.1 Throwing
 - Level 1.2 Dodging
 - Level 5.3 Stealth


You had 4 spell levels left.
You didn't know any spells.
Your spell library contained the following spells:

 Spells                   Type           Power      Damage    Failure   Level
 Leda's Liquefaction      Hex/Erth       0%         N/A       97%         4
 Lee's Rapid Deconstruct  Erth           0%         3d5*      100%        5
 Statue Form              Tmut/Erth      0%         N/A       100%        6


Dungeon Overview and Level Annotations

Branches:
Dungeon (3/15)              Sewer (1/1)

Altars:

Shops:
D:1 [


Innate Abilities, Weirdness & Mutations

You are small and have problems with some larger weapons.
You are completely attuned to the shadows.


Message History

The quokka splashes around in the water.
The bullfrog closely misses you.
The giant cockroach completely misses you.
The adder bites you but does no damage.
Your unstable footing causes you to fumble your attack.
You feel sick. The bullfrog closely misses you.
The quokka bites you but does no damage.
The bullfrog barely misses you.
The giant cockroach bites you but does no damage.
The adder misses you.
Your unstable footing causes you to fumble your attack.
The bullfrog barely misses you. The bullfrog closely misses you.
The quokka bites you. The giant cockroach closely misses you.
The adder bites you but does no damage.
You miss the bullfrog.
The bullfrog is moderately wounded.
You feel sick. The bullfrog misses you. The bullfrog barely misses you.
The quokka splashes around in the water.
You barely miss the bullfrog.
The bullfrog is moderately wounded.
You feel sick.
You are no longer poisoned.
The giant cockroach misses you. The bullfrog misses you.
The adder barely misses you. The bullfrog hits you.
Your unstable footing causes you to fumble your attack.
The bullfrog hits you.
* * * LOW HITPOINT WARNING * * *
The quokka splashes around in the water.
The giant cockroach misses you. The bullfrog hits you.
* * * LOW HITPOINT WARNING * * *
The adder closely misses you.
It was a potion of curing.
You feel better. The bullfrog misses you.
The bullfrog hits you but does no damage.
The quokka splashes around in the water.
The adder bites you.
You are poisoned.
The adder poisons you! The giant cockroach bites you. The bullfrog hits you.
* * * LOW HITPOINT WARNING * * *
The bullfrog hits you!
You die...

##~~##~~~..~~..##~†##
#~~~~~~~.~~~~~~.#~.~#
#~~~~~#######~~~##~~#
#######~###~~.~≈##~~~#~~##
#~~~~~###§§§§§§§☼##..#~~.#
#.~~~~#.†.§§§§§§§ #~.##~~#
#.~~.~#..##☼☼☼§§§ ##.~#~~#
#~~#~~#~.#§§§F§§§ #~.#~~#
#~~#~÷#~.#§§@r☼§§ #~~#..#
#†~#÷##.~#§SFB§§§ #~~#.†#
#~.#~#~~~#§§§§☼§§ #†.#~~#
#~~#.#∩~~#§§§§§§§ #.~#~~#
#~~#~#~~~##§§§§§☼ ##~~#~~#
#.~#~###~~# #~~##~~#
#..#~~~#~~## ##~.#~~.#
##.##~.#.~~## ##~.~#.~##
#..#†.##~~~#####~~~##~~#


You could see 2 bullfrogs, an adder, a quokka and a giant cockroach.

Vanquished Creatures
  4 adders
  A worm (D:2)
  2 dart slugs
  3 bats (D:1)
  14 endoplasms
  12 giant cockroaches
  6 hobgoblins
  7 kobolds
  9 quokkas
  12 ball pythons
  8 frilled lizards
  7 goblins
  5 rats
90 creatures vanquished.

Notes
Turn   | Place    | Note
-------+----------+-------------------------------------------
     0 | D:1      | Setbun the Kobold Brigand began the quest for the Orb.
     0 | D:1      | Reached XP level 1. HP: 12/12 MP: 1/1
    30 | D:1      | Reached skill level 3 in Short Blades
    66 | D:1      | Reached XP level 2. HP: 16/17 MP: 2/2
   115 | D:1      | Found Dehapizo's Armour Shoppe.
   275 | D:1      | Reached skill level 4 in Short Blades
   507 | D:1      | Found a faded altar of an unknown god.
   540 | D:1      | Reached XP level 3. HP: 21/21 MP: 3/3
  1058 | D:2      | Reached skill level 5 in Short Blades
  1304 | D:2      | Reached XP level 4. HP: 13/26 MP: 4/4
  1853 | D:3      | Found a glowing drain.
  1874 | Sewer    | Entered a sewer
  2226 | Sewer    | Reached skill level 6 in Short Blades
  2697 | Sewer    | Reached XP level 5. HP: 30/30 MP: 5/5
  3174 | Sewer    | Reached skill level 7 in Short Blades
  3185 | Sewer    | Noticed a bullfrog
  3187 | Sewer    | Noticed a bullfrog
  3204 | Sewer    | Slain by a bullfrog

Illustrated notes

Levels and vault maps discovered:
D:1:      lemuel_arrival_hallway, layout_basic, serial_shops,
          nicolae_lakefront_shop, shapermc_ecumenical_altar_ellora, st_stairs_1,
          minmay_tall_x
D:2:      layout_basic, st_stairs_12, minmay_3d_cube
D:3:      layout_basic, nicolae_overflow_hidden_temple,
          mainiacjoe_overflow_alcove_2, nicolae_overflow_two_pavilions,
          portal_sewer_entry_f, serial_shops, nicolae_shop_window_shopping,
          minmay_diced_spiral, uniq_robin
Sewer:    sewer_frog_island_02

Skill      XL: |  1  2  3  4  5 |
---------------+----------------+-----
Short Blades   | 3 4 5 6 7 |  7.0
Fighting       | |  2.1
Throwing       | |  2.1
Dodging        | |  1.2
Stealth        | |  5.3

Action                   |  1- 3 |  4- 6 || total
-------------------------+-------+-------++-------
Melee: Dagger            |    73 |   219 ||   292
       Punch             |     1 |       ||     1
  Use: Scroll            |       |     8 ||     8
       Potion            |       |     1 ||     1
 Stab: Sleeping          |    26 |    13 ||    39
       Distracted        |     1 |       ||     1
Armor: Robe              |     8 |    52 ||    60
Dodge: Dodged            |    23 |   188 ||   211

Table legend: (Time is in decaauts)
 A = Elapsed time spent in this place.
 B = Non-inter-level travel time spent in this place.
 C = Inter-level travel time spent in this place.
 D = Time resting spent in this place.
 E = Time spent auto-exploring this place.
 F = Levels seen in this place.
 G = Mean time per level.
                   A        B        C        D        E       F      G
               +--------+--------+--------+--------+--------+-----+--------+
         Total |   3185 |   3159 |     26 |    722 |   1890 |   4 |  796.2 |
       Dungeon |   1847 |   1821 |     26 |     70 |   1450 |   3 |  615.7 |
         Sewer |   1337 |   1337 |      0 |    652 |    440 |   1 | 1337.0 |
               +--------+--------+--------+--------+--------+-----+--------+

Top non-repeatable levels by time:
   Sewer: 1337 daAuts
     D:1: 964 daAuts
     D:2: 753 daAuts
     D:3: 130 daAuts
